 Dungeon Crawl Stone Soup version 0.15-a0-123-geffbfde (webtiles) character file.

153 Qrupt the Poker (level 4, 0/33 HPs)
             Began as a Merfolk Gladiator on Apr 11, 2014.
             Slain by a gnoll (5 damage)
             ... on Level 3 of the Dungeon.
             The game lasted 00:02:24 (1797 turns).

Qrupt the Poker (Merfolk Gladiator)                 Turns: 1797, Time: 00:02:24

HP   0/33        AC  4     Str 15      XL: 4   Next: 66%
MP   4/4         EV 12     Int  7      God:
Gold 58          SH  7     Dex 15      Spells:  0 memorised,  3 levels left

rFire  . . .     SeeInvis .     a - +0 trident
rCold  . . .     Clarity  .     b - +0 leather armour
rNeg   . . .     Conserve .     t - +0 buckler
rPois  .         rCorr    .     c - +0 helmet
rElec  .         rRot     .     (no cloak)
SustAb . .       Spirit   .     (no gloves)
rMut   .         Warding  .     (no boots)
Saprov . . .     Stasis   .     (no amulet)
MR     .....                    (no ring)
                                (no ring)

@: not resistant to hostile enchantments, unstealthy
A: change form in water, swift swim
a: no special abilities


You were on level 3 of the Dungeon.
You were hungry.

You visited 1 branch of the dungeon, and saw 3 of its levels.

You collected 58 gold pieces.

Inventory:

Hand weapons
 a - a +0,+0 trident (weapon)
Missiles
 d - 3 throwing nets (quivered)
Armour
 b - a +0 leather armour (worn)
 c - a +0 helmet (worn)
 t - a +0 buckler (worn)
Magical devices
 p - a wand of frost (5)
Comestibles
 f - a bread ration
 u - a pear
 v - a slice of pizza
 w - a meat ration
 B - a lychee
Scrolls
 e - a scroll of fog {unknown}
 h - 3 scrolls of identify {unknown}
 i - 3 scrolls of fear {unknown}
 j - a scroll of remove curse {unknown}
 l - a scroll of magic mapping {unknown}
 m - a scroll of immolation {unknown}
 q - a scroll of random uselessness {unknown}
 r - a scroll of enchant weapon II {unknown}
 y - 2 scrolls of blinking {unknown}
Jewellery
 n - an uncursed amulet of rage {unknown}
 s - an uncursed ring of ice {unknown}
Potions
 g - a potion of beneficial mutation {unknown}
 k - a potion of cure mutation {unknown}
 o - a potion of invisibility {unknown}
 x - a potion of haste {unknown}
 z - a potion of brilliance {unknown}
 A - a potion of mutation {unknown}
 C - a potion of poison {unknown}


   Skills:
 - Level 2.1 Fighting
 + Level 7.6 Polearms
 - Level 2.0 Throwing
 - Level 4.0 Dodging


You had 3 spell levels left.
You didn't know any spells.

Dungeon Overview and Level Annotations

Branches:
Dungeon (3/15)

Altars:
Vehumet
Zin


Message History

The gnoll shouts!
You see here a scroll labeled PRESCH SKICUGAMN.
You hit the gnoll.
The gnoll is heavily wounded.
The gnoll hits you with a flail!
You hit the gnoll.
The gnoll is heavily wounded.
You hit the gnoll.
The gnoll is severely wounded.
The gnoll hits you with a flail!
The gnoll hits you from afar with a spear.
You hit the gnoll.
The gnoll is almost dead.
The gnoll closely misses you.
You hit the gnoll.
You kill the gnoll!
The gnoll hits you from afar with a spear.
* * * LOW HITPOINT WARNING * * *
The gnoll hits you.
You die...

#.....#.#.#
#..>..#.#.#
#....##.#.#
#....##.#.#
#...(.....#
#.........#
###.......#####..
#.....?.g.......
.
#......@).%.....
.
####.....g......
. #...?.......
#...........
#...........
###########


You could see 2 gnolls.

Vanquished Creatures
  A gnoll (D:3)
  4 adders
  A giant gecko (D:1)
  An orc (D:3)
  2 giant cockroaches
  7 hobgoblins
  6 jackals
  2 quokkas
  2 ball pythons
  2 bats (D:2)
  2 giant newts
  6 goblins
  5 kobolds
  12 rats
53 creatures vanquished.

Notes
Turn   | Place    | Note
--------------------------------------------------------------
     0 | D:1      | Qrupt, the Merfolk Gladiator, began the quest for the Orb.
     0 | D:1      | Reached XP level 1. HP: 16/16 MP: 1/1
    74 | D:1      | Reached skill level 5 in Polearms
    76 | D:1      | Reached XP level 2. HP: 13/22 MP: 2/2
   355 | D:1      | Reached skill level 6 in Polearms
   355 | D:1      | Reached XP level 3. HP: 17/27 MP: 3/3
   709 | D:2      | Found a radiant altar of Vehumet.
  1023 | D:2      | Reached skill level 7 in Polearms
  1023 | D:2      | Reached XP level 4. HP: 26/33 MP: 4/4
  1588 | D:3      | Found a glowing silver altar of Zin.
  1797 | D:3      | Slain by a gnoll

Action                   |  1- 3 |  4- 6 || total
-------------------------+-------+-------++-------
Melee: Trident           |   124 |    49 ||   173
 Stab: Sleeping          |     2 |     1 ||     3
